 Dungeon Crawl Stone Soup version 0.24-a0-65-g0956303 (webtiles) character file.

Game seed: 7385638749117704343

67 Blackhawk the Chopper (level 4, -4/34 HPs)
             Began as a Demonspawn Gladiator on Feb 4, 2019.
             Killed by divine providence
             ... invoked by an orc priest
              (10 damage)
             ... on level 2 of the Dungeon.
             The game lasted 00:01:36 (1330 turns).

Blackhawk the Chopper (Demonspawn Gladiator)        Turns: 1330, Time: 00:01:37

Health: -4/34      AC:  6    Str: 15    XL:     4   Next: 0%
Magic:  4/4        EV: 13    Int: 10    God:
Gold:   83         SH:  0    Dex: 16    Spells: 3/3 levels left

rFire    . . .     SeeInvis .   a - +0 war axe
rCold    . . .     Gourm    .   (no shield)
rNeg     . . .     Faith    .   b - +0 leather armour
rPois    .         Spirit   .   (helmet restricted)
rElec    .         Reflect  .   l - +0 cloak
rCorr    .         Harm     .   h - +1 pair of gloves
MR       .....                  (no boots)
Stlth    ++........             (no amulet)
HPRegen  0.11/turn              (no ring)
MPRegen  0.09/turn              (no ring)

@: no status effects
A: horns 1, thin skeletal structure 1
a: no special abilities


You were on level 2 of the Dungeon.
You were hungry.

You visited 1 branch of the dungeon, and saw 2 of its levels.

You collected 83 gold pieces.

Inventory:

Hand Weapons
 a - a +0 war axe (weapon)
Missiles
 d - 3 throwing nets (quivered)
Armour
 b - a +0 leather armour (worn)
 c - a +0 helmet
 h - a +1 pair of gloves (worn)
 l - a +0 cloak (worn)
Jewellery
 m - an uncursed ring of see invisible {unknown}
Scrolls
 e - 2 scrolls of remove curse {unknown}
 k - 3 scrolls of identify {unknown}
 n - a scroll of enchant armour {unknown}
Potions
 g - a potion of heal wounds {unknown}
 j - a potion of cancellation {unknown}
Comestibles
 f - 8 rations
 i - a chunk of flesh


   Skills:
 + Level 2.7 Fighting
 + Level 3.2 Axes
 - Level 1.7 Throwing
 + Level 1.4 Armour
 + Level 3.1 Dodging


You had 3 spell levels left.
You didn't know any spells.
Your spell library was empty.

Dungeon Overview and Level Annotations

Branches:
Dungeon (2/15)

Altars:


Innate Abilities, Weirdness & Mutations

You have a pair of small horns on your head.
You have a somewhat thin skeletal structure. (Dex +2, Stealth)


Message History

You are too injured to fight recklessly!
You are too injured to fight recklessly!
You are too injured to fight recklessly!
You barely miss the orc. You headbutt the orc.
The orc is moderately wounded.
The orc closely misses you.
You closely miss the orc. You headbutt the orc.
You kill the orc!
You closely miss the orc. Your headbutt misses the orc.
The orc barely misses you. The orc hits you but does no damage.
You slash the orc!
You kill the orc!
You have reached level 4!
You feel clever.
The orc priest mumbles some strange prayers to Beogh against you.
Beogh smites you!
* * * LOW HITPOINT WARNING * * *
The orc priest invokes the aid of Beogh against you.
Beogh smites you!
You die...

.### .# ..# .#### ...
....## ## #.# #.....#.
#.# #.#.##.#
#.####.#.##.#
###?####.........#.#####
#.%.oo<@...............(
#.#.####.#.##.#รท########
##.#.##.#.# .....##.#.#
##...##.#.###
###...#......#####
................##
#.#...#...##.##...#
#.#...##.## .# ...


You could see an orc priest and an orc.

Vanquished Creatures
  An adder (D:2)
  An ooze (D:2)
  A worm (D:2)
  3 orcs (D:2)
  A ball python (D:1)
  5 giant cockroaches
  2 goblins (D:1)
  5 hobgoblins
  8 jackals (D:1)
  8 bats
  2 frilled lizards (D:2)
  6 kobolds
  4 rats
47 creatures vanquished.

Notes
Turn   | Place    | Note
-------+----------+-------------------------------------------
     0 | D:1      | Blackhawk the Demonspawn Gladiator began the quest for the
                  | Orb.
     0 | D:1      | Reached XP level 1. HP: 16/16 MP: 1/1
   298 | D:1      | Gained mutation: You have a pair of small horns on your
                  | head. [demonic ancestry]
   298 | D:1      | Reached XP level 2. HP: 22/22 MP: 2/2
   373 | D:1      | Reached skill level 1 in Armour
   454 | D:1      | Gained mutation: You have a somewhat thin skeletal
                  | structure. (Dex +2, Stealth) [demonic ancestry]
   454 | D:1      | Reached XP level 3. HP: 23/28 MP: 3/3
  1330 | D:2      | Reached XP level 4. HP: 21/34 MP: 4/4
  1330 | D:2      | Killed from afar by an orc priest

Vault maps used:
D:1:      nicolae_arrival_memento_mori, corexii_corridor_pit
D:2:      lemuel_doored_altar, amethyst_killhole

Skill      XL: |  1  2 |
---------------+-------+-----
Armour         | 1 |  1.4
Dodging        | 3 |  3.1
Axes           | 3 |  3.2
Fighting       | |  2.7
Throwing       | |  1.7

Action                   |  1- 3 |  4- 6 || total
-------------------------+-------+-------++-------
Melee: War axe           |   109 |       ||   109
       Headbutt          |     8 |       ||     8
 Stab: Sleeping          |     1 |       ||     1
       Distracted        |     1 |       ||     1
  Eat: Chunk             |     1 |       ||     1
Armor: Leather armour    |    39 |       ||    39
Dodge: Dodged            |    90 |       ||    90

Table legend:
 A = Non-vault XP
 B = Vault XP
 C = Vault XP percentage of total XP
 D = Non-vault monster count
 E = Vault monster count
 F = Vault count percentage of total count
                 A         B        C        D         E       F
            +---------+---------+-------+---------+---------+-------
      Total |      97 |       0 |   0.0 |      47 |       0 |   0.0
            +---------+---------+-------+---------+---------+-------
        D:1 |      51 |       0 |   0.0 |      32 |       0 |   0.0
        D:2 |      46 |       0 |   0.0 |      15 |       0 |   0.0
            +---------+---------+-------+---------+---------+-------
